Map: Ruins of Seras

Players

FrozenFire

  • Race: Zerg Zerg

Miltreta - Winner!

  • Race: Terran Terran
  • League: Bronze

VOD

Have the link to the VOD?

Description

Time

  • Played on: March 14, 2016, 9:56 p.m.
  • Length: 4:11
Show
View Real Time Build Order
Export as new Build Order

FrozenFire Zerg 

Build Orders: Pool Only 

Get SALT Encoding   

  12  0:01  Drone  
  13  0:09  Drone  
  14  0:18  Extractor  
  13  0:23  Overlord  
  13  0:39  Spawning Pool  
  13  0:41  Drone  
  13  0:52  Drone x2  
  15  1:03  Drone x2  
  17  1:29  Queen  
  17  1:30  Metabolic Boost  
  19  1:45  Zergling x4  
  19  1:46  Zergling x2  
  22  1:59  Overlord  
  22  2:17  Zergling x2  
  23  2:31  Zergling x4  
  25  2:40  Zergling x2  
  26  3:25  Zergling x4  
  26  3:26  Zergling x4  
  28  4:00  Extractor  
Show
View Real Time Build Order
Export as new Build Order

Miltreta Terran - Winner!

Build Orders:  

Get SALT Encoding   

  12  0:01  SCV  
  13  0:15  Supply Depot  
  13  0:23  SCV  
  14  0:30  Refinery  
  14  0:35  SCV  
  15  0:46  Barracks  
  16  0:50  SCV  
  16  1:02  SCV  
  17  1:12  Supply Depot  
  17  1:24  SCV  
  18  1:33  Refinery  
  18  1:36  Reaper  
  20  1:51  Engineering Bay  
  20  1:52  Orbital Command  
  19  2:08  Reaper  
  19  2:35  SCV  
  20  2:43  Factory  
  20  2:58  Marine  
  21  3:16  Marine  
  21  3:51  Marine  
Tags
 
Add a new tag
Caveats
  • Supply blocks, unpowered buildings, or Contaminate may cause inaccurate times.
  • Supply counts are checked every 10 seconds.